 Dungeon Crawl Stone Soup version 0.22.1-7-g5c428e7 (webtiles) character file.

9936 dengdeng the Fencer (level 11, 0/94 HPs)
             Began as a Minotaur Berserker on Feb 6, 2019.
             Was a High Priest of Trog.
             Slain by a two-headed ogre
             ... wielding a +0 giant club
              (10 damage)
             ... on level 11 of the Dungeon.
             The game lasted 00:34:53 (9832 turns).

dengdeng the Fencer (Minotaur Berserker)            Turns: 9832, Time: 00:34:55

Health: 0/94       AC: 16    Str: 26    XL:     11   Next: 29%
Magic:  10/10      EV: 10    Int:  8    God:    Trog [*****.]
Gold:   632        SH:  0    Dex:  9    Spells: 10/10 levels left

rFire    . . .     SeeInvis .   r - +1 triple sword (holy)
rCold    . . .     Gourm    .   (shield currently unavailable)
rNeg     . . .     Faith    .   K - +3 chain mail
rPois    .         Spirit   .   (helmet restricted)
rElec    .         Reflect  .   b - +1 cloak
rCorr    .         Harm     .   x - +0 pair of gloves
MR       .....                  y - +0 pair of boots
Stlth    ..........             w - amulet of regeneration
HPRegen  0.65/turn              d - ring of flight
MPRegen  0.12/turn              N - +4 ring of intelligence

@: corroded, berserk cooldown, slowed, very slow
A: retaliatory headbutt, horns 2
a: Berserk, Trog's Hand, Brothers in Arms, Renounce Religion, Evoke Flight


You were on level 11 of the Dungeon.
You worshipped Trog.
Trog was extremely pleased with you.
You were very hungry.

You visited 1 branch of the dungeon, and saw 11 of its levels.
You also visited: Bailey.

You collected 730 gold pieces.
You spent 98 gold pieces at shops.

Inventory:

Hand Weapons
 r - a +1 triple sword of holy wrath (weapon)
 B - a +0 long sword
 O - a +0 great sword
Missiles
 m - 293 stones (quivered)
 J - 8 javelins of penetration
 Q - 7 javelins
 V - 4 tomahawks of dispersal
 X - 3 tomahawks
Armour
 b - a +1 cloak (worn)
 x - a +0 pair of gloves (worn)
 y - a +0 pair of boots (worn)
 K - a +3 chain mail (worn)
 M - a +0 shield
Jewellery
 d - a ring of flight (left hand)
 w - an amulet of regeneration (around neck)
 N - a +4 ring of intelligence (right hand)
Wands
 s - a wand of acid (9)
 D - a wand of scattershot (6)
Scrolls
 f - 2 scrolls of magic mapping
 h - 5 scrolls of immolation {unknown}
 i - 4 scrolls of identify
 l - 5 scrolls of fog {unknown}
 n - 3 scrolls of enchant armour {unknown}
 o - 5 scrolls of remove curse
 p - 3 scrolls of enchant weapon {unknown}
 v - 2 scrolls of amnesia {unknown}
 z - 7 scrolls of teleportation {unknown}
 A - 2 scrolls of blinking {unknown}
 C - 3 scrolls of fear {unknown}
 F - 4 scrolls of noise {unknown}
 I - a scroll of random uselessness {unknown}
 W - a scroll of vulnerability {unknown}
Potions
 e - 2 potions of heal wounds {unknown}
 g - 4 potions of ambrosia {unknown}
 j - 2 potions of brilliance {unknown}
 k - 11 potions of curing {unknown}
 q - 2 potions of degeneration {unknown}
 t - 3 potions of lignification {unknown}
 u - 4 potions of agility {unknown}
 G - a potion of mutation {unknown}
 P - a potion of magic {unknown}
 R - 2 potions of might {unknown}
 S - a potion of invisibility {unknown}
 T - a potion of flight {unknown}
 U - a potion of haste {unknown}
Comestibles
 a - 2 chunks of flesh
 c - 19 rations


   Skills:
 + Level 8.1 Fighting
 * Level 15.8 Long Blades
 + Level 10.2 Armour
 + Level 5.0 Dodging
 + Level 1.1 Stealth
 + Level 0.5 Shields


You had 10 spell levels left.
You didn't know any spells.
Your spell library was empty.

Dungeon Overview and Level Annotations

Branches:
Dungeon (11/15)            Temple (0/1) D:7             Orc (0/2) D:11
   Lair: D:8-11

Altars:
Ashenzari
Cheibriados
Dithmenos
Fedhas
Gozag
Hepliaklqana
Kikubaaqudgha
Nemelex Xobeh
Wu Jian
Xom
Yredelemnul

Shops:
D:4 [   D:8 (*   D:9 %


Innate Abilities, Weirdness & Mutations

You reflexively headbutt those who attack you in melee.
You have a pair of horns on your head.


Message History

The two-headed ogre is heavily wounded.
You hit the two-headed ogre.
Your headbutt misses the two-headed ogre.
The two-headed ogre is severely wounded.
You are no longer berserk.
You are exhausted.
You feel yourself slow down.
The two-headed ogre hits you but does no damage.
The two-headed ogre hits you with a giant club!
* * * LOW HITPOINT WARNING * * *
The komodo dragon barely misses you.
You riposte.
You barely miss the komodo dragon. You headbutt the komodo dragon.
The komodo dragon is lightly wounded.
You hit the two-headed ogre.
The two-headed ogre is severely wounded.
A wyvern comes into view.
The two-headed ogre barely misses you. You furiously retaliate!
You headbutt the two-headed ogre!
The two-headed ogre hits you with a giant club!
You die...

############.....((...(.(.....
#####.###.##.###.## #.#
#.##.#..... #.# #.##.#.#.## #
### ########## ##. ###
.###..##.## ###
....$#....###.. .......@l.##.#
### .l......O....####.#
###...#......)...### ###
#..###..#..))....###.. #.#.
##..#.##......... # %
#.##..#.######## # ######### #


You could see a two-headed ogre, a komodo dragon and a wyvern (wandering).

Vanquished Creatures
  A rakshasa (D:10)
  An unseen horror (D:9)
  An ugly thing (D:11)
  A cyclops (D:11)
  A kobold demonologist (D:11)
  4 trolls
  3 hippogriffs
  A shadow (D:11)
  A spriggan (D:7)
  A wyvern (D:10)
  A wraith (D:10)
  A basilisk (D:11)
  2 acid dragons
  A water moccasin (D:11)
  Duvessa (D:5)
  2 eyes of draining
  3 orc warriors
  3 ice beasts
  2 sky beasts
  A black bear (D:6)
  11 ogres
  A phantom (D:6)
  6 centaurs
  2 crocodiles
  Blork the orc (D:6)
  3 bullfrogs
  6 scorpions
  Dowan (D:5)
  3 wights (D:11)
  8 killer bees
  A howler monkey (D:5)
  A centaur zombie (D:6)
  4 crimson imps
  A bullfrog zombie (D:7)
  2 quasits
  A centaur skeleton (D:6)
  5 orc priests
  2 hounds
  Crazy Yiuf (D:5)
  6 orc wizards
  Jessica (D:3)
  5 iguanas
  9 worker ants
  A killer bee zombie (D:8)
  A howler monkey zombie (D:8)
  A worker ant zombie (D:6)
  7 gnolls
  8 adders
  3 shadow imps
  An ooze (D:1)
  An adder skeleton (D:5)
  4 dart slugs
  8 leopard geckos
  44 orcs
  2 ball pythons (D:2)
  12 bats
  5 giant cockroaches
  18 goblins
  6 hobgoblins
  8 jackals
  A quokka (D:7)
  4 frilled lizards
  2 gnoll zombies (D:7)
  8 kobolds
  A quokka skeleton (D:6)
  8 rats
267 creatures vanquished.

Notes
Turn   | Place    | Note
-------+----------+-------------------------------------------
     0 | D:1      | dengdeng the Minotaur Berserker began the quest for the
                  | Orb.
     0 | D:1      | Reached XP level 1. HP: 19/19 MP: 0/0
   131 | D:1      | Reached skill level 4 in Long Blades
   154 | D:1      | Reached XP level 2. HP: 27/27 MP: 1/1
   701 | D:1      | Reached XP level 3. HP: 33/33 MP: 2/2
   818 | D:2      | Reached ** piety under Trog
   876 | D:2      | Reached skill level 5 in Long Blades
  1021 | D:2      | Found a shimmering altar of Xom.
  1023 | D:2      | Found a shattered altar of Ashenzari.
  1087 | D:2      | Reached XP level 4. HP: 40/40 MP: 3/3
  1283 | D:2      | Found a snail-covered altar of Cheibriados.
  1374 | D:2      | Reached skill level 6 in Long Blades
  1376 | D:2      | Reached XP level 5. HP: 34/46 MP: 4/4
  1584 | D:3      | Noticed Jessica
  1589 | D:3      | Reached *** piety under Trog
  1601 | D:3      | Killed Jessica
  2610 | D:4      | Found a blossoming altar of Fedhas.
  2693 | D:4      | Noticed an ogre
  2697 | D:4      | Killed an ogre
  2697 | D:4      | Reached skill level 7 in Long Blades
  2697 | D:4      | Reached XP level 6. HP: 44/53 MP: 5/5
  2834 | D:4      | Found Vurhas's Armour Shoppe.
  2842 | D:4      | Bought a +0 pair of gloves for 49 gold pieces
  2842 | D:4      | Bought a +0 pair of boots for 49 gold pieces
  2931 | D:4      | Found an ornate altar of the Wu Jian Council.
  3176 | D:5      | Entered Level 5 of the Dungeon
  3176 | D:5      | Noticed a sky beast
  3189 | D:5      | Killed a sky beast
  3189 | D:5      | Reached skill level 8 in Long Blades
  3189 | D:5      | Reached XP level 7. HP: 44/60 MP: 6/6
  3197 | D:5      | Reached skill level 5 in Fighting
  3220 | D:5      | Reached skill level 5 in Armour
  3256 | D:5      | Reached skill level 9 in Long Blades
  3290 | D:5      | Found an ancient bone altar of Kikubaaqudgha.
  3291 | D:5      | Noticed Duvessa
  3291 | D:5      | Noticed Dowan
  3302 | D:5      | Killed Dowan
  3315 | D:5      | Killed Duvessa
  3315 | D:5      | Reached XP level 8. HP: 7/68 MP: 7/7
  3778 | D:5      | Found a sparkling altar of Nemelex Xobeh.
  3778 | D:5      | Found an opulent altar of Gozag.
  3787 | D:5      | Reached skill level 10 in Long Blades
  3938 | D:5      | Found a runed door.
  4038 | D:5      | Noticed Crazy Yiuf
  4049 | D:5      | Killed Crazy Yiuf
  4392 | D:6      | Received a gift from Trog
  4397 | D:6      | Noticed Blork the orc
  4406 | D:6      | Killed Blork the orc
  4546 | D:6      | Noticed a hippogriff
  4556 | D:6      | Killed a hippogriff
  4556 | D:6      | Reached skill level 11 in Long Blades
  4737 | D:6      | Reached XP level 9. HP: 72/75 MP: 8/8
  5162 | D:7      | Reached **** piety under Trog
  5447 | D:7      | Found a staircase to the Ecumenical Temple.
  5549 | D:7      | Reached skill level 12 in Long Blades
  5758 | D:7      | Found a basalt altar of Yredelemnul.
  6155 | D:8      | Found a hazy altar of Hepliaklqana.
  6478 | D:8      | Reached skill level 1 in Stealth
  6500 | D:8      | Found an opulent altar of Gozag.
  6504 | D:8      | Found Gozag's Platinum Reserve.
  6543 | D:8      | Found a flagged portal.
  6553 | Bailey   | Entered a bailey
  6644 | D:8      | Found Hisau's Weapon Boutique.
  6866 | D:9      | Reached skill level 13 in Long Blades
  7326 | D:9      | Found Wedes's Food Emporium.
  7343 | D:9      | Found a shadowy altar of Dithmenos.
  7353 | D:9      | Reached XP level 10. HP: 84/84 MP: 9/9
  7489 | D:9      | Killed an unseen horror
  7901 | D:10     | Entered Level 10 of the Dungeon
  8072 | D:10     | Reached skill level 14 in Long Blades
  8572 | D:10     | Noticed a rakshasa
  8595 | D:10     | Killed a rakshasa
  8707 | D:10     | Reached skill level 15 in Long Blades
  8956 | D:10     | Reached skill level 10 in Armour
  9065 | D:11     | Noticed a purple ugly thing
  9080 | D:11     | Killed a purple ugly thing
  9080 | D:11     | Reached ***** piety under Trog
  9080 | D:11     | Reached XP level 11. HP: 24/92 MP: 5/10
  9344 | D:11     | Received a gift from Trog
  9406 | D:11     | Found a staircase to the Orcish Mines.
  9426 | D:11     | Reached skill level 5 in Dodging
  9816 | D:11     | Noticed a two-headed ogre
  9832 | D:11     | Slain by a two-headed ogre

Skill      XL: |  1  2  3  4  5  6  7  8  9 10 11 |
---------------+----------------------------------+-----
Long Blades    | 4 5 6 7 8 9 11 13 15 | 15.8
Fighting       | 4 5 6 7 8 |  8.1
Armour         | 3 4 5 7 8 10 | 10.2
Dodging        | 3 4 5 |  5.0
Stealth        | 1 |  1.1
Shields        | |  0.5

Action                   |  1- 3 |  4- 6 |  7- 9 | 10-12 || total
-------------------------+-------+-------+-------+-------++-------
Melee: Falchion          |    58 |   119 |    18 |       ||   195
       Headbutt          |    13 |    29 |    74 |    42 ||   158
       Long sword        |       |       |   203 |       ||   203
       Great sword       |       |       |    85 |   167 ||   252
       Triple sword      |       |       |       |    38 ||    38
Invok: Trog's Hand       |       |     1 |     1 |     4 ||     6
       Berserk           |       |       |     2 |     4 ||     6
  Use: Scroll            |     3 |     2 |       |     3 ||     8
  Eat: Chunk             |     1 |     3 |    16 |     8 ||    28
       Ration            |       |     1 |       |     1 ||     2
Armor: Animal skin       |     5 |       |       |       ||     5
       Scale mail        |    16 |     4 |       |       ||    20
       Chain mail        |       |    56 |   147 |   201 ||   404
Dodge: Dodged            |    32 |    78 |   185 |   184 ||   479
Block: Shield            |       |       |    13 |       ||    13
       Rpst.: Falchion   |     9 |    19 |     4 |       ||    32
       Long sword        |       |       |    28 |       ||    28
       Great sword       |       |       |    17 |    16 ||    33
       Triple sword      |       |       |       |     9 ||     9
